 Dungeon Crawl Stone Soup version 0.30-a0-1085-g990a428a5c (webtiles) character file.

Game seed: 3253665832975636401

137766 themarg the Convoker (level 17, -2/133 HPs)
             Began as a Merfolk Summoner on Apr 16, 2023.
             Was a High Priest of Sif Muna.
             Shot with a bolt by a naga sharpshooter (27 damage)
             ... on level 2 of the Snake Pit.
             The game lasted 02:33:45 (37567 turns).

themarg the Convoker (Merfolk Summoner)            Turns: 37567, Time: 02:33:46

Health: -2/133     AC: 13    Str: 10    XL:     17   Next: 24%
Magic:  14/32      EV: 16    Int: 31    God:    Sif Muna [*****.]
Gold:   308        SH:  5    Dex: 15    Spells: 2/38 levels left

rFire   + . .      SeeInvis .    a - +1 trident of Contradiction {elec, rElec rPois Int+2}
rCold   + . .      Faith    .    V - +0 buckler
rNeg    . . .      Spirit   .    c - +2 robe {Archmagi}
rPois   +          Reflect  .    U - +1 helmet {Int+3}
rElec   +          Rampage  .    S - +2 cloak {Will+}
rCorr   .          Archmagi +    M - +2 pair of gloves
Will    ++...                    C - +0 pair of boots
Stlth   ++                       W - amulet of regeneration
HPRegen 1.22/turn                s - ring of Fapryp {rPois rF+ Int+6}
MPRegen 0.23/turn                D - ring of protection from cold

@: brilliant, very slightly contaminated, invisible
A: (nimble swimmer 2), mertail, deterioration 1
a: Renounce Religion, Channel Magic, Forget Spell, Divine Exegesis


You were on level 2 of the Snake Pit.
You worshipped Sif Muna.
Sif Muna was extremely pleased with you.
You visited 5 branches of the dungeon, and saw 25 of its levels.
You visited the Abyss 2 times.
You also visited: Sewer, Bailey, Ice Cave and Volcano.

You collected 2590 gold pieces.
You spent 2282 gold pieces at shops.

Inventory:

Hand Weapons
 a - the +1 trident of Contradiction (weapon) {elec, rElec rPois Int+2}
   (You found it on level 5 of the Lair of Beasts)

   Int:       It affects your intelligence (+2).
   rElec:     It insulates you from electricity.
   rPois:     It protects you from poison.
Missiles
 i - 5 datura-tipped darts
 o - 7 curare-tipped darts
 r - 24 poisoned darts
 K - 6 atropa-tipped darts
 N - 2 javelins (quivered)
Armour
 c - a +2 robe of the Archmagi (worn)
 n - a +1 tower shield of protection
 w - a +2 robe of willpower
 C - a +0 pair of boots (worn)
 M - a +2 pair of gloves (worn)
 S - a +2 cloak of willpower (worn)
 U - a +1 helmet of intelligence (worn)
 V - a +0 buckler (worn)
Jewellery
 d - a ring of resist corrosion
 s - the ring of Fapryp (left hand) {rPois rF+ Int+6}
   (You bought it in a shop on level 2 of the Orcish Mines)

   [ring of intelligence]

   Int:       It affects your intelligence (+6).
   rF:        It protects you from fire.
   rPois:     It protects you from poison.
 D - a ring of protection from cold (right hand)
 I - a ring of wizardry
 R - a +6 ring of intelligence
 W - an amulet of regeneration (around neck)
Wands
 g - a wand of polymorph (4)
 u - a wand of iceblast (14)
 y - a wand of charming (6)
 O - a wand of digging (26)
 P - a wand of mindburst (22)
 X - a wand of flame (13)
Scrolls
 e - a scroll of silence
 f - 3 scrolls of amnesia
 h - 18 scrolls of teleportation
 j - 4 scrolls of fog
 l - 2 scrolls of butterflies
 p - a scroll of acquirement {unknown}
 q - 4 scrolls of vulnerability
 B - a scroll of brand weapon {unknown}
 E - 4 scrolls of fear
 F - 4 scrolls of magic mapping
 H - 5 scrolls of blinking
 Y - 2 scrolls of poison
Potions
 b - a potion of ambrosia
 k - 5 potions of resistance
 m - 5 potions of haste
 t - 4 potions of might
 v - 4 potions of berserk rage
 z - 7 potions of brilliance
 A - 6 potions of flight
 G - 4 potions of lignification
 J - 7 potions of curing
 L - 3 potions of cancellation
 Q - 2 potions of attraction
 T - 2 potions of magic
 Z - a potion of invisibility


   Skills:
 - Level 12.0 Fighting
 - Level 5.0 Polearms
 - Level 1.0 Throwing
 - Level 10.0 Dodging
 - Level 3.0 Stealth
 - Level 5.0 Shields
 + Level 11.3 Spellcasting
 - Level 15.0 Summonings
 + Level 7.9 Necromancy
 - Level 5.0 Translocations
 - Level 2.0 Transmutations
 - Level 6.0 Air Magic
 - Level 6.0 Earth Magic
 - Level 10.0 Invocations
 - Level 10.0 Evocations


You had 2 spell levels left.
You knew the following spells:

 Your Spells              Type           Power      Damage    Failure   Level
a - Summon Lightning Spi  Summ/Air       100%       N/A       1%          4
b - Borgnjor's Vile Clut  Necr/Erth      47%        N/A       6%          5
c - Summon Hydra          Summ           64%        N/A       6%          7
d - Airstrike             Air            44%        2d(7-23)  3%          4
e - Summon Cactus Giant   Summ           64%        N/A       1%          6
f - Summon Forest         Summ/Tloc      54%        N/A       1%          5
g - Sublimation of Blood  Necr           100%       N/A       1%          2
h - Apportation           Tloc           100%       N/A       1%          1
i - Blink                 Tloc           100%       N/A       1%          2

Your spell library contained the following spells:

 Spells                   Type           Power      Damage    Failure   Level
 Summon Small Mammal      Summ           100%       N/A       0%          1
 Call Imp                 Summ           100%       N/A       0%          2
 Beastly Appendage        Tmut           100%       N/A       1%          1
 Necrotise                Necr           100%       1d9       1%          1
 Lesser Beckoning         Tloc           100%       N/A       1%          2
 Passwall                 Tmut/Erth      64%        N/A       1%          2
 Poisonous Vapours        Pois/Air       100%       N/A       1%          2
 Static Discharge         Conj/Air       100%       2-7/arc   1%          2
 Sting                    Tmut/Pois      100%       1d8       2%          1
 Wereblood                Tmut           61%        N/A       2%          2
 Magic Dart               Conj           100%       1d8       3%          1
 Ensorcelled Hibernation  Hex/Ice        78%        N/A       5%          2
 Scorch                   Fire           78%        2d8       5%          2
 Searing Ray              Conj           78%        2d7       5%          2
 Call Canine Familiar     Summ           100%       N/A       1%          3
 Summon Guardian Golem    Hex/Summ       97%        N/A       1%          3
 Swiftness                Air            89%        N/A       1%          3
 Teleport Other           Tloc           83%        N/A       1%          3
 Vampiric Draining        Necr           100%       2d13      1%          3
 Summon Ice Beast         Ice/Summ       97%        N/A       1%          4
 Portal Projectile        Hex/Tloc       100%       N/A       3%          3
 Volatile Blastmotes      Fire/Tloc      100%       2d18      3%          3
 Agony                    Necr           100%       N/A       3%          5
 Spider Form              Tmut/Pois      52%        N/A       7%          3
 Anguish                  Hex/Necr       38%        N/A       7%          4
 Ignite Poison            Fire/Tmut/Pois 48%        N/A       9%          3
 Lee's Rapid Deconstruct  Erth           44%        3d21*     9%          5
 Dazzling Flash           Conj/Hex       78%        N/A       11%         3
 Hailstorm                Conj/Ice       39%        3d9       11%         3
 Inner Flame              Hex/Fire       39%        N/A       11%         3
 Ozocubu's Armour         Ice            39%        N/A       11%         3
 Tukima's Dance           Hex            39%        N/A       11%         3
 Leda's Liquefaction      Hex/Erth       34%        N/A       11%         4
 Iskenderun's Mystic Bla  Conj/Tloc      65%        2d13      13%         4
 Ice Form                 Ice/Tmut       52%        N/A       24%         4
 Silence                  Hex/Air        34%        N/A       28%         5
 Haunt                    Necr/Summ      58%        N/A       28%         7
 Flame Wave               Conj/Fire      39%        2d11      34%         4
 Fulminant Prism          Conj/Hex       19%        3d10      34%         4
 Olgreb's Toxic Radiance  Pois           39%        N/A       34%         4
 Sticky Flame             Conj/Fire      39%        2d6       34%         4
 Blade Hands              Tmut           30%        N/A       41%         5
 Freezing Cloud           Conj/Ice/Air   30%        6-21      41%         5
 Alistair's Intoxication  Tmut/Pois      34%        N/A       54%         5
 Yara's Violent Unravell  Hex/Tmut       26%        3d11      54%         5
 Fireball                 Conj/Fire      19%        3d9       69%         5
 Iskenderun's Battlesphe  Conj           39%        2d9       69%         5
 Metabolic Englaciation   Hex/Ice        19%        N/A       69%         5
 Simulacrum               Ice/Necr       38%        N/A       73%         6
 Spellforged Servitor     Conj/Summ      48%        N/A       80%         7
 Conjure Ball Lightning   Conj/Air       34%        3x3d11    85%         6
 Eringya's Noxious Bog    Tmut/Pois      26%        N/A       98%         6
 Storm Form               Tmut/Air       38%        N/A       99%         7
 Enfeeble                 Hex            19%        N/A       100%        7
 Orb of Destruction       Conj           19%        9d8       100%        7
 Discord                  Hex            19%        N/A       100%        8
 Ignition                 Fire           19%        3d7       100%        8
 Lehudib's Crystal Spear  Conj/Erth      34%        10d9      100%        8


Dungeon Overview and Level Annotations

Branches:
Dungeon (15/15)            Temple (1/1) D:4            Lair (5/5) D:9
  Swamp (0/4) Lair:2        Snake (2/4) Lair:3        Slime (0/5) Lair:4
    Orc (2/2) D:11            Elf (0/3) Orc:2        Vaults (0/5) D:14
 Depths (0/4) D:15          Sewer (visited)          Bailey (visited)
  IceCv (visited)         Volcano (visited)

Altars:
Ashenzari
Cheibriados
Dithmenos
Elyvilon
Fedhas
Gozag
Hepliaklqana
Kikubaaqudgha
Makhleb
Nemelex Xobeh
Okawaru
Qazlal
Ru
Sif Muna
Trog
Uskayaw
Vehumet
Wu Jian
Xom
Yredelemnul
Zin
The Shining One
Jiyva
Lugonu

Shops:
D:8 *(   D:11 (   D:12 [*   Orc:2 [((*

Portals:
Abyss: Lair:5

Annotations:
D:9 Erolcha
Lair:5 2 transporters, LobsterGuardian's ghost, journeyman TrCK
Snake:2 1 transporter


Innate Abilities, Weirdness & Mutations

((You are very nimble when in or above water. (Stealth+, EV+, Speed+++)))
Your lower body shifts to a powerful aquatic tail in water.
Your body sometimes deteriorates upon taking damage.


Message History

* * * LOW HITPOINT WARNING * * *
The naga sharpshooter shoots a bolt.
The bolt hits your cactus giant!!
Your nine-headed hydra bites the naga sharpshooter!
Your nine-headed hydra completely misses the naga sharpshooter.
Your nine-headed hydra bites the naga sharpshooter.
Your nine-headed hydra bites the naga sharpshooter!
Your nine-headed hydra bites the naga sharpshooter.
Your nine-headed hydra bites the naga sharpshooter!
The naga sharpshooter dies!
Sif Muna accepts your kill.
Your four-headed hydra bites the anaconda.
Your four-headed hydra closely misses the anaconda.
Your four-headed hydra bites the anaconda!!
Your four-headed hydra bites the anaconda.
Your cactus giant hits the naga with a +0 giant spiked club!
You feel sick.
The anaconda bites your four-headed hydra!!
The anaconda bites your four-headed hydra.
Your four-headed hydra barely misses the anaconda.
Your four-headed hydra closely misses the anaconda.
Your four-headed hydra bites the anaconda!
Your four-headed hydra bites the anaconda but does no damage.
You feel better.
The anaconda bites your four-headed hydra.
The anaconda bites your four-headed hydra!!
Your four-headed hydra bites the anaconda.
Your four-headed hydra bites the anaconda!!
The anaconda dies!
Sif Muna accepts your kill.
Your four-headed hydra bites the naga but does no damage.
Your four-headed hydra bites the naga.
Aiming: Borgnjor's Vile Clutch (dangerous; 6% risk of failure)
Press: ? - help, Shift-Dir - straight line, f - naga
Aim: a naga, wielding a +0 war axe (moderately wounded, ally target, 100% to hit)
You feel a strong surge of power!
You miscast Borgnjor's Vile Clutch.
Nothing appears to happen.
The naga sharpshooter gestures wildly while chanting.
The naga sharpshooter magically shoots a bolt.
The bolt hits you!!
You die...

.
..#....###..
.
........N..
#.........
...)....
..D..#
#.C..# .
#####ND..# ©
#..@..D#
#.###..# ..
#.)# ...
...# #..
#..## #.
#..# # ..##
.##


You could see a naga sharpshooter, a naga (ally target), a friendly nine-headed
hydra (summoned), a friendly four-headed hydra (summoned) and a friendly cactus
giant (summoned).

Vanquished Creatures
  Frances (D:14)
  2 hydras (Lair:5)
  3 boulder beetles
  A two-headed ogre (D:8)
  A naga warrior (Snake:1)
  Urug (D:10)
  Amaemon (D:9)
  A deep troll (D:15)
  3 wizards
  An orc knight (D:15)
  The ghost of jimonade the Slasher, a novice FoFi of Cheibriados (D:6)
  2 deep elf pyromancers
  An oklob plant (Lair:4)
  A manticore (D:14)
  A salamander (Snake:1)
  A worldbinder (Abyss:2)
  A cyclops (D:11)
  2 toenail golems (Volcano)
  4 black mambas
  2 smoke demons (Lair:5)
  4 rime drakes
  2 kobold demonologists (D:10)
  A komodo dragon (Lair:2)
  A cane toad (Lair:2)
  2 nameless horrors
  An unseen horror (D:12)
  2 ancient zymes (Lair:5)
  A polar bear (Lair:5)
  A queen bee (Lair:2)
  2 meliai (D:13)
  2 blink frogs (Lair:5)
  3 trolls
  A wind drake (shapeshifter) (D:14)
  A tarantella (shapeshifter) (D:14)
  2 saltlings (Orc:2)
  2 centaur simulacra (D:15)
  4 slime creatures
  A wraith (D:11)
  3 yaks
  An unseen horror simulacrum (D:10)
  A hog (Lair:5)
  A small abomination (Lair:5)
  A basilisk (Lair:2)
  4 large abominations
  2 neqoxecs (Abyss:2)
  A warg (Orc:1)
  3 nagas
  3 water moccasins
  3 orc warriors
  An ice beast (D:10)
  A black bear (D:7)
  2 wolves (Lair:4)
  An ogre (Orc:1)
  3 centaurs
  A wyvern zombie (D:6)
  2 bullfrogs (Lair:2)
  A wight (D:7)
  2 killer bees
  2 electric eels (Lair:5)
  2 lava snakes (D:10)
  A quasit (Abyss:2)
  4 orc priests
  A hound (D:5)
  5 starcursed masses (Abyss:2)
  5 orc wizards
  2 adders
  A white imp (D:6)
  A worm (D:2)
  14 orcs
  2 endoplasms
  2 giant cockroaches
  A goblin (D:1)
  2 hobgoblins (D:1)
  A jackal (D:1)
  2 kobolds
  A bat (D:5)
  A rat (Sewer)
  11 pillars of salt (Orc:2)
162 creatures vanquished.

Vanquished Creatures (collateral kills)
  Nikola (Snake:1)
  A lich (Abyss:2)
  Gastronok (D:9)
  A tentacled starspawn (Abyss:2)
  Kirke (Lair:5)
  Donald (Orc:2)
  A nagaraja (Snake:2)
  Aizul (Snake:1)
  An ironbound preserver (D:14)
  An orc warlord (Orc:2)
  A reaper (Abyss:2)
  Nessos (D:12)
  Azrael (D:14)
  A purple draconian (Abyss:2)
  The ghost of benadryl the Devastator, a journeyman DrCj of Vehumet (Lair:3)
  The ghost of benadryl the Grappler, a journeyman TrBe of Trog (D:10)
  An ettin (D:15)
  Josephine (D:10)
  A great orb of eyes (Abyss:2)
  The ghost of Ekoemis the Markskobold, a journeyman KoHu of Hepliaklqana (Lair:1)
  A catoblepas (Lair:2)
  9 centaur warriors
  5 hydras
  4 two-headed ogres
  2 boulder beetles (D:11)
  4 anacondas
  2 dancing weapons
  A tengu warrior (D:15)
  4 death yaks (Lair:2)
  2 naga warriors
  A shock serpent (Snake:1)
  An orc high priest (Orc:2)
  3 thrashing horrors (Lair:5)
  2 naga sharpshooters
  A shadow wraith (Abyss:2)
  2 skysharks (Lair:2)
  A wretched star (Abyss:2)
  A spatial maelstrom (Abyss:2)
  3 skeletal warriors (D:9)
  A deep troll (D:15)
  A naga ritualist (Snake:1)
  3 wizards (Volcano)
  11 orc knights
  5 nameless horrors
  A deep elf zephyrmancer (Bailey)
  5 orc sorcerers
  A deep elf pyromancer (D:14)
  2 manticores
  2 ugly things
  4 elephants (Lair:4)
  5 cyclopes
  A manticore (shapeshifter) (D:14)
  A shining eye (Abyss:2)
  A rust devil (Abyss:2)
  3 salamanders
  3 toenail golems (Volcano)
  2 naga magi
  5 black mambas
  A guardian serpent (Snake:1)
  An orange demon (D:9)
  A hellion (Abyss:2)
  A torpor snail (Lair:2)
  4 gargoyles
  10 cane toads
  An unseen horror (D:12)
  A smoke demon (Abyss:2)
  3 rime drakes
  3 kobold demonologists
  A tengu conjurer (D:14)
  An efreet (D:10)
  A yaktaur (D:13)
  5 komodo dragons
  4 ancient zymes
  6 trolls
  A meliai (D:13)
  6 polar bears
  2 tyrant leeches (Lair:2)
  A hellwing (Abyss:2)
  A wolf spider simulacrum (D:15)
  A dream sheep (Lair:2)
  A raiju (shapeshifter) (D:14)
  3 saltlings (Orc:2)
  15 blink frogs
  13 small abominations
  3 raiju (Abyss:2)
  A flying skull (Abyss:2)
  9 slime creatures
  A shadow (D:12)
  A vampire (D:12)
  5 ynoxinuls
  A culicivora (shapeshifter) (Lair:5)
  3 fire elementals (D:14)
  2 hogs (Lair:5)
  A spriggan (Lair:5)
  6 wraiths
  23 yaks
  An unseen horror simulacrum (D:10)
  5 basilisks
  15 nagas
  A death yak simulacrum (IceCv)
  5 wargs
  2 acid dragons
  A hell hound (D:14)
  18 water moccasins
  9 black bears
  A black bear (shapeshifter) (Lair:5)
  3 ice beasts
  2 large abominations
  5 ogres
  30 orc warriors
  12 wolves
  13 centaurs
  7 starcursed masses (Abyss:2)
  2 phantoms (D:7)
  3 kobold brigands
  12 bullfrogs
  3 necrophages (D:6)
  2 wyvern zombies (D:6)
  6 scorpions
  2 water moccasin zombies (D:6)
  10 wights
  2 elephant simulacra (IceCv)
  22 killer bees
  7 howler monkeys
  2 bullfrog zombies (D:6)
  14 orc priests
  5 hounds
  A human zombie (D:6)
  6 jellies
  A sleepcap (D:6)
  Jessica (D:2)
  17 orc wizards
  Natasha (twice) (D:2)
  4 iguanas
  A polar bear simulacrum (IceCv)
  A wolf simulacrum (IceCv)
  10 adders
  2 shadow imps
  5 white imps
  2 adder skeletons (D:2)
  4 worms
  2 dart slugs
  82 orcs
  7 ball pythons
  5 bats
  2 bat skeletons (D:2)
  6 endoplasms
  3 giant cockroaches
  8 goblins
  4 hobgoblins
  2 jackals
  9 kobolds
  5 quokkas
  A ball python skeleton (D:2)
  A ball python zombie (D:2)
  2 frilled lizards
  11 rats
  A butterfly (Lair:5)
  4 pillars of salt (Orc:2)
704 creatures vanquished.

Vanquished Creatures (others)
  An anaconda (Snake:1)
  A wizard (Volcano)
  A fire elemental (D:14)
  4 demonic plants (D:3)
  70 fungi
  3 pillars of salt (Orc:2)
  85 plants
  12 snaplasher vines
  3 starspawn tentacles (Abyss:2)
  2 withered plants (Lair:1)
182 creatures vanquished.

Grand Total: 1048 creatures vanquished

Notes
Turn   | Place    | Note
-------+----------+-------------------------------------------
     0 | D:1      | themarg the Merfolk Summoner began the quest for the Orb.
     0 | D:1      | Reached XP level 1. HP: 13/13 MP: 3/3
    74 | D:1      | Reached XP level 2. HP: 19/19 MP: 0/5
    77 | D:1      | Learned a level 2 spell: Call Imp
   546 | D:1      | Reached XP level 3. HP: 24/24 MP: 3/6
   828 | D:1      | Learned a level 3 spell: Call Canine Familiar
  1095 | D:2      | Noticed Natasha
  1227 | D:2      | Reached skill level 5 in Summonings
  1434 | D:2      | Reached XP level 4. HP: 30/30 MP: 4/7
  1575 | D:2      | Noticed Jessica
  1587 | D:2      | Killed Jessica
  2035 | D:2      | Reached XP level 5. HP: 35/35 MP: 8/8
  2178 | D:2      | Killed Natasha
  2179 | D:2      | Reached skill level 6 in Summonings
  2197 | D:2      | Noticed Natasha
  2206 | D:2      | Killed Natasha
  2263 | D:3      | Found a faded altar of an unknown god.
  2682 | D:3      | Reached XP level 6. HP: 41/41 MP: 2/9
  3187 | D:3      | Reached skill level 7 in Summonings
  3562 | D:4      | Found a staircase to the Ecumenical Temple.
  3578 | D:4      | Reached skill level 1 in Air Magic
  3580 | Temple   | Entered the Ecumenical Temple
  3592 | Temple   | Became a worshipper of Sif Muna the Loreminder
  3732 | D:4      | Found a hide-covered altar of Uskayaw.
  3737 | D:4      | Found an ornate altar of the Wu Jian Council.
  3737 | D:4      | Found a blossoming altar of Fedhas.
  3743 | D:4      | Found an iron altar of Okawaru.
  3745 | D:4      | Found a sparkling altar of Nemelex Xobeh.
  3746 | D:4      | Found a radiant altar of Vehumet.
  3747 | D:4      | Found a white marble altar of Elyvilon.
  3771 | D:4      | Noticed a water moccasin
  3788 | D:4      | Killed a water moccasin
  3789 | D:4      | Reached XP level 7. HP: 46/46 MP: 5/10
  4056 | D:5      | Entered Level 5 of the Dungeon
  4109 | D:5      | Found a glowing drain.
  4129 | D:5      | Reached skill level 8 in Summonings
  4138 | D:5      | Reached * piety under Sif Muna
  4155 | Sewer    | Entered a sewer
  4396 | Sewer    | Found a white marble altar of Elyvilon.
  4683 | D:5      | Learned a level 4 spell: Summon Lightning Spire
  4718 | D:5      | Reached XP level 8. HP: 52/52 MP: 8/11
  4947 | D:5      | Reached skill level 9 in Summonings
  6050 | D:5      | Reached skill level 10 in Summonings
  6237 | D:6      | Reached skill level 1 in Fighting
  6238 | D:6      | Reached ** piety under Sif Muna
  6482 | D:6      | Reached XP level 9. HP: 62/62 MP: 10/12
  6504 | D:6      | Found a runed translucent door.
  6505 | D:6      | Found a shimmering altar of Xom.
  6505 | D:6      | Noticed jimonade's ghost (novice FoFi)
  6507 | D:6      | Noticed a +1 mace of chaos
  6645 | D:6      | Reached skill level 5 in Dodging
  6812 | D:6      | Reached skill level 5 in Fighting
  6874 | D:6      | Reached skill level 1 in Invocations
  6886 | D:6      | Found an ancient bone altar of Kikubaaqudgha.
  7756 | D:6      | Reached skill level 5 in Invocations
  8062 | D:7      | Found a shadowy altar of Dithmenos.
  8140 | D:7      | Reached skill level 5 in Air Magic
  8211 | D:7      | Reached XP level 10. HP: 74/74 MP: 7/14
  8428 | D:7      | Learned a level 4 spell: Airstrike
  9151 | D:8      | Reached *** piety under Sif Muna
  9214 | D:8      | Found an opulent altar of Gozag.
  9241 | D:8      | Found a viscous altar of Jiyva.
  9343 | D:8      | Reached skill level 5 in Spellcasting
  9507 | D:8      | Reached skill level 1 in Throwing
  9507 | D:8      | Reached skill level 1 in Shields
  9507 | D:8      | Reached skill level 1 in Evocations
  9669 | D:8      | Found Simastro's Weapon Emporium.
  9834 | D:8      | Noticed a two-headed ogre
  9838 | D:8      | Killed a two-headed ogre
  9952 | D:8      | Found Ekhyse's Magic Scroll Shoppe.
  9957 | D:8      | Bought a scroll of blinking for 105 gold pieces
  9957 | D:8      | Bought a scroll of identify for 28 gold pieces
  9957 | D:8      | Bought a scroll of identify for 28 gold pieces
  9960 | D:8      | Bought a scroll of vulnerability for 56 gold pieces
  9960 | D:8      | Bought a scroll of blinking for 105 gold pieces
 10249 | D:8      | Found Lurig's General Store.
 10262 | D:8      | Bought a scroll of fear for 52 gold pieces
 10262 | D:8      | Bought a scroll of identify for 26 gold pieces
 10441 | D:9      | Found a flagged portal.
 10459 | Bailey   | Entered a bailey
 10616 | Bailey   | Reached skill level 5 in Shields
 10676 | Bailey   | Noticed an orc knight
 10708 | Bailey   | Killed an orc knight
 10862 | Bailey   | Found a large runed translucent door.
 10862 | Bailey   | Found a large runed translucent door.
 10863 | Bailey   | Noticed a deep elf zephyrmancer
 10926 | Bailey   | Killed a deep elf zephyrmancer
 10927 | Bailey   | Reached skill level 11 in Summonings
 10927 | Bailey   | Reached XP level 11. HP: 56/79 MP: 9/18
 11155 | D:9      | Noticed Amaemon
 11164 | D:9      | Killed Amaemon
 11237 | D:9      | Noticed Erolcha
 11315 | D:9      | Found a snail-covered altar of Cheibriados.
 11454 | D:9      | Found a bloodstained altar of Trog.
 11468 | D:9      | Reached skill level 12 in Summonings
 11469 | D:9      | Reached skill level 1 in Polearms
 11476 | D:9      | Identified the +0 ring mail "Teosog" {Int+6}
 11489 | D:9      | Reached **** piety under Sif Muna
 11554 | D:9      | Noticed Gastronok
 11592 | D:9      | Killed Gastronok
 11702 | D:9      | Found a staircase to the Lair.
 11918 | D:9      | Noticed a skeletal warrior
 11918 | D:9      | Noticed a skeletal warrior
 11931 | D:9      | Noticed a skeletal warrior
 12000 | D:8      | Learned a level 6 spell: Summon Cactus Giant
 12169 | D:10     | Entered Level 10 of the Dungeon
 12189 | D:10     | Noticed Urug
 12416 | D:10     | Noticed Josephine
 12424 | D:10     | Killed Josephine
 12548 | D:10     | Found a runed translucent gate.
 12549 | D:10     | Found a runed translucent gate.
 12550 | D:10     | Found a runed translucent gate.
 12600 | D:10     | Reached XP level 12. HP: 64/91 MP: 1/19
 12742 | D:10     | Found a burning altar of Makhleb.
 12780 | D:10     | Killed Urug
 12813 | D:10     | Noticed benadryl's ghost (journeyman TrBe)
 13417 | D:10     | Noticed a centaur warrior
 13428 | D:10     | Killed a centaur warrior
 13610 | D:11     | Found Imerr's Hydra Hut.
 13776 | D:11     | Noticed a boulder beetle
 13804 | D:11     | Killed a boulder beetle
 13944 | D:11     | Noticed an eight-headed hydra
 13945 | D:11     | Noticed a two-headed ogre
 13954 | D:11     | Killed a two-headed ogre
 13955 | D:11     | Reached skill level 10 in Invocations
 14019 | D:11     | Noticed a boulder beetle
 14036 | D:11     | Killed a boulder beetle
 14063 | D:11     | Noticed a two-headed ogre
 14080 | D:11     | Killed a two-headed ogre
 14081 | D:11     | Reached skill level 5 in Polearms
 14360 | D:11     | Found a staircase to the Orcish Mines.
 14438 | D:11     | Reached ***** piety under Sif Muna
 14488 | D:11     | Noticed a centaur warrior
 14500 | D:11     | Killed a centaur warrior
 14628 | D:11     | You fall into a shaft and drop 2 floors!
 15119 | D:11     | Received a gift from Sif Muna
 15120 | D:11     | Got Sif Muna's Elucidation of Amorphous Transposition {god
                  | gift}
 15373 | D:11     | Reached skill level 1 in Necromancy
 15373 | D:11     | Reached skill level 1 in Earth Magic
 15820 | Lair:1   | Entered Level 1 of the Lair of Beasts
 16239 | Lair:1   | You fall into a shaft and drop 1 floor!
 16803 | Lair:1   | Found a runed translucent door.
 16803 | Lair:1   | Noticed Ekoemis's ghost (journeyman KoHu)
 17033 | Lair:1   | Killed Ekoemis's ghost
 17130 | Lair:2   | Reached XP level 13. HP: 96/96 MP: 12/23
 18325 | Lair:2   | Reached skill level 13 in Summonings
 18602 | Lair:2   | Found a staircase to the Swamp.
 18857 | Lair:2   | Reached skill level 5 in Necromancy
 18857 | Lair:2   | Reached skill level 5 in Earth Magic
 19156 | Lair:3   | Found a frozen archway.
 19174 | IceCv    | Entered an ice cave
 19304 | IceCv    | Found a transporter.
 19319 | IceCv    | Found a transporter.
 19925 | Lair:3   | Noticed benadryl's ghost (journeyman DrCj)
 19926 | Lair:3   | Found a runed translucent door.
 19945 | Lair:3   | Killed benadryl's ghost
 20259 | Lair:3   | Found a staircase to the Snake Pit.
 20708 | Lair:4   | Reached XP level 14. HP: 101/103 MP: 14/24
 21273 | Lair:4   | Found a staircase to the Slime Pits.
 21526 | Lair:4   | Reached skill level 14 in Summonings
 22041 | Lair:5   | Entered Level 5 of the Lair of Beasts
 22235 | Lair:5   | Reached skill level 5 in Evocations
 22455 | Lair:5   | Found a dark tunnel.
 22458 | Volcano  | Entered a volcano
 22738 | Lair:5   | Reached skill level 15 in Summonings
 22848 | Lair:5   | Noticed Kirke
 22862 | Lair:5   | Killed Kirke
 23068 | Lair:5   | Found a transporter.
 23074 | Lair:5   | Found a transporter.
 23121 | Lair:5   | Received a gift from Sif Muna
 23122 | Lair:5   | Got Sif Muna's Textbook on Adjuration and Nonlocality {god
                  | gift}
 23129 | Lair:5   | Noticed LobsterGuardian's ghost (journeyman TrCK)
 23189 | Lair:5   | Found a bloodstained altar of Trog.
 23399 | Lair:5   | Learned a level 5 spell: Summon Forest
 23585 | Lair:5   | Reached skill level 1 in Transmutations
 23964 | Lair:5   | Reached XP level 15. HP: 78/112 MP: 10/25
 23968 | Lair:5   | Learned a level 2 spell: Sublimation of Blood
 24184 | Lair:5   | Reached skill level 10 in Dodging
 24595 | Lair:5   | Found a corrupted altar of Lugonu.
 24595 | Lair:5   | Found a one-way gate to the infinite horrors of the Abyss.
 24610 | Lair:5   | Identified the +1 trident of Contradiction {elec, rElec
                  | rPois Int+2}
 24737 | Lair:5   | Reached skill level 10 in Fighting
 25127 | D:6      | Killed jimonade's ghost
 25269 | D:8      | Bought a scroll of fog for 56 gold pieces
 25269 | D:8      | Bought a scroll of amnesia for 56 gold pieces
 25269 | D:8      | Bought a scroll of magic mapping for 105 gold pieces
 25269 | D:8      | Bought a scroll of teleportation for 42 gold pieces
 25269 | D:8      | Bought a scroll of enchant weapon for 105 gold pieces
 25391 | D:8      | Bought a +0 cloak for 58 gold pieces
 25752 | D:10     | Killed benadryl's ghost
 26013 | Orc:1    | Entered Level 1 of the Orcish Mines
 26135 | Orc:1    | Learned a level 1 spell: Apportation
 26138 | Orc:1    | Learned a level 2 spell: Blink
 26251 | Orc:2    | Entered Level 2 of the Orcish Mines
 26251 | Orc:2    | Noticed an orc warlord
 26259 | Orc:2    | Killed an orc warlord
 26301 | Orc:2    | Received a gift from Sif Muna
 26302 | Orc:2    | Got Sif Muna's Monograph on the Band {god gift}
 26866 | Orc:2    | Found a staircase to the Elven Halls.
 26904 | Orc:2    | Noticed Donald
 26918 | Orc:2    | Killed Donald
 27486 | Orc:2    | Reached skill level 10 in Spellcasting
 27488 | Orc:2    | Reached skill level 1 in Translocations
 27655 | Orc:2    | Found Fovesula's Weapon Shoppe.
 27713 | Orc:2    | Found Gaelu's Antique Weapon Shoppe.
 27715 | Orc:2    | Found Baetupn's Armour Shoppe.
 27747 | Orc:2    | Found Utrissoc's General Store.
 27752 | Orc:2    | Bought a potion of heal wounds for 75 gold pieces
 27752 | Orc:2    | Bought a scroll of fog for 60 gold pieces
 28375 | Orc:1    | Found an iron altar of Okawaru.
 28586 | Orc:2    | Bought a +2 robe of the Archmagi for 452 gold pieces
 28616 | Orc:2    | Bought a scroll of amnesia for 60 gold pieces
 28956 | D:12     | Found Gesemy's Antique Armour Shoppe.
 29211 | D:12     | Noticed Nessos
 29453 | D:12     | Learned a level 5 spell: Borgnjor's Vile Clutch
 29544 | D:12     | Found Kikicoc's General Store.
 29948 | D:12     | Reached skill level 5 in Translocations
 30212 | Orc:2    | Bought the ring of Fapryp {rPois rF+ Int+6} for 813 gold
                  | pieces
 30465 | D:12     | Killed Nessos
 30565 | D:12     | Found Gesemy's Antique Armour Shoppe.
 30676 | D:12     | Found Kikicoc's General Store.
 31499 | D:13     | Received a gift from Sif Muna
 31500 | D:13     | Got Sif Muna's Lectures on the Forceful Arsonist {god gift}
 31687 | D:13     | Reached XP level 16. HP: 122/122 MP: 15/30
 32322 | D:14     | Noticed Frances
 32329 | D:14     | Killed Frances
 32885 | D:14     | Found a gate to the Vaults.
 33000 | D:14     | Noticed Azrael
 33011 | D:14     | Killed Azrael
 33214 | D:15     | Entered Level 15 of the Dungeon
 33407 | Abyss:2  | Cast into level 2 of the Abyss (a wizard)
 33433 | D:15     | Escaped the Abyss
 33530 | D:15     | Found a staircase to the Depths.
 33593 | Abyss:2  | Cast into level 2 of the Abyss (a wizard)
 33597 | Abyss:2  | Found a shimmering altar of Xom.
 33671 | Abyss:2  | Reached skill level 10 in Evocations
 33690 | Abyss:2  | Noticed a tentacled starspawn
 33692 | Abyss:2  | Gained mutation: Your system is resistant to poisons.
                  | (rPois) [potion of mutation]
 33693 | Abyss:2  | Lost mutation: Your system is resistant to poisons. (rPois)
                  | [potion of mutation]
 33693 | Abyss:2  | Gained mutation: You are partially covered in iridescent
                  | scales. (AC +2) [potion of mutation]
 33694 | Abyss:2  | Lost mutation: You are partially covered in iridescent
                  | scales. (AC +2) [potion of mutation]
 33694 | Abyss:2  | Gained mutation: Your spells are a little harder to cast,
                  | but a little more powerful. [potion of mutation]
 33695 | Abyss:2  | Lost mutation: Your spells are a little harder to cast, but
                  | a little more powerful. [potion of mutation]
 33770 | Abyss:2  | Noticed a lich
 33780 | Abyss:2  | Killed a lich
 33854 | Abyss:2  | HP: 3/124 [spatial vortex[a spatial maelstrom] (5)]
 34081 | Abyss:2  | Noticed a tentacled starspawn
 34086 | Abyss:2  | Killed a tentacled starspawn
 34111 | Abyss:2  | Paralysed by a great orb of eyes for 2 turns
 34144 | Abyss:2  | Gained mutation: Your body sometimes deteriorates upon
                  | taking damage. [a shining eye]
 34203 | Abyss:2  | Noticed a tentacled starspawn
 34205 | D:15     | Escaped the Abyss
 35882 | Snake:1  | Entered Level 1 of the Snake Pit
 35956 | Snake:1  | Found a snail-covered altar of Cheibriados.
 36292 | Snake:1  | Noticed Nikola
 36515 | Snake:1  | Reached XP level 17. HP: 98/133 MP: 23/31
 36566 | Snake:1  | Learned a level 7 spell: Summon Hydra
 36728 | Snake:1  | Killed Nikola
 36910 | Snake:1  | Noticed Aizul
 36917 | Snake:1  | Killed Aizul
 37210 | Snake:2  | Found a transporter.
 37419 | Snake:1  | Received a gift from Sif Muna
 37567 | Snake:2  | Shot with a bolt by a naga sharpshooter

Illustrated notes

Levels and vault maps discovered:
D:1:      dpeg_arrival_lava_altar, layout_loops_ring
D:2:      layout_basic, serial_undead, serial_undead_d, serial_undead_b,
          serial_undead_c, serial_undead_d, uniq_natasha, uniq_jessica
D:3:      layout_basic, shapermc_ecumenical_altar_gd,
          corexii_item_surrounded_by_moat
D:4:      layout_cave_pools, mainiacjoe_overflow_paths, minitemple,
          minmay_temple_entry_water_ring
D:5:      layout_layer_cave, cheibrodos_sewer_entry_sluice
D:6:      nicolae_BIG_FREAKIN_CUBE, layout_gridville,
          lemuel_mausoleum_altar_kikubaaqudgha, ebering_ghost_xom, hex_medium
D:7:      layout_loops_cross, mainiacjoe_overflow_six_doors_small
D:8:      layout_basic, nicolae_gozag_seed_capital, serial_shops,
          kennysheep_little_box, nicolae_shop_hallway_plus, shop,
          eino_small_chamber_without_monster, jiyva_altar_1
D:9:      layout_basic, trog_butcher_becter, mainiacjoe_overflow_24_doors,
          due_lair_maze_entry_diamond, enter_bailey_3, uniq_erolcha,
          uniq_amaemon, uniq_gastronok
D:10:     kennysheep_big_flooded_room, layout_irregular_city,
          lightli_temple_of_fire, gammafunk_ghost_icy, uniq_josephine, uniq_urug
D:11:     layout_basic, hiddenorc2_lemuel, doesnt_shop_hydraphobe
D:12:     layout_basic, serial_shops, nicolae_shop_stone,
          nicolae_shop_tiny_glass, uniq_nessos
D:13:     layout_loops_ring
D:14:     layout_roguey, skrybe_vaults_entry_preservation, uniq_azrael,
          uniq_frances
D:15:     hangedman_depths_entry_civil_slaughter, layout_layer_cave,
          hangedman_decor_diamond_cutter
Temple:   hellmonk_temple_rainy
Lair:1:   layout_hall_layers, gammafunk_ghost_grave, serial_bayou_shore_a,
          serial_bayou_shore_b, grunt_megastairs_1
Lair:2:   nzn_winding_woodlands_stair_cross
          [nzn_winding_woodlands_5x15_longhouse,
          nzn_winding_woodlands_center_pierced_h,
          nzn_winding_woodlands_5x15_crooked,
          nzn_winding_woodlands_5x5_checkerboard,
          nzn_winding_woodlands_5x5_open_star,
          nzn_winding_woodlands_5x15_zeroes, nzn_winding_woodlands_center_lodge,
          nzn_winding_woodlands_5x15_pockets], layout_hall_layers,
          minmay_swamp_entry_worms, special_room [special_room_bee]
Lair:3:   layout_hall_layers, minmay_snake_entry_guardpost_large,
          portal_ice_cave_rime, hellmonk_ghost_happy_afterlife, minivault_11
Lair:4:   layout_loops_ring, minmay_slime_entry_oklob_open, grunt_megastairs_2,
          serial_bayou_shore_b
Lair:5:   hellmonk_lair_end_abyssal_woods, layout_gridlike,
          nicolae_volcano_entry_lava_flow, gammafunk_ghost_wrathful_warriors,
          lemuel_fruit_fields, uniq_kirke
Snake:1:  layout_grid_maze, basic_altar, uniq_nikola, uniq_aizul
Snake:2:  layout_rooms, serial_shops, shop, shop, serial_nicolae_subway,
          nicolae_sub_station_metal, nicolae_sub_station_crystal,
          nicolae_sub_station_stone
Orc:1:    layout_diamond_mine, okawaru_metal_pillars_1_2
Orc:2:    hellmonk_orc_salted, layout_diamond_mine, uniq_donald

Skill      XL: |  1  2  3  4  5  6  7  8  9 10 11 12 13 14 15 16 17 |
---------------+----------------------------------------------------+-----
Stealth        | 3 |  3.0
Summonings     | 5 6 7 8 10 11 12 13 15 | 15.0
Air Magic      | 1 3 4 5 6 |  6.0
Fighting       | 2 5 7 8 10 12 | 12.0
Dodging        | 4 5 7 9 10 | 10.0
Spellcasting   | 3 5 7 10 11 | 11.3
Invocations    | 5 8 10 | 10.0
Throwing       | 1 |  1.0
Shields        | 5 |  5.0
Evocations     | 1 2 5 6 10 | 10.0
Polearms       | 1 5 |  5.0
Necromancy     | 2 5 6 7 |  7.9
Earth Magic    | 2 5 6 |  6.0
Transmutations | 2 |  2.0
Translocations | 5 |  5.0

Action                     |  1- 3 |  4- 6 |  7- 9 | 10-12 | 13-15 | 16-18 || total
---------------------------+-------+-------+-------+-------+-------+-------++-------
  Melee: Unarmed           |    13 |       |       |       |       |       ||    13
         Dagger            |    30 |    37 |   146 |    15 |       |       ||   228
         Hand axe          |     2 |       |       |       |       |       ||     2
         Punch             |       |       |     3 |       |       |       ||     3
         Trident           |       |       |     4 |   230 |   541 |   202 ||   977
  Throw: Dart              |       |       |     5 |    10 |    15 |       ||    30
         Javelin           |       |       |       |       |       |     1 ||     1
   Cast: Summon Small Mamm |    37 |     7 |       |       |       |       ||    44
         Call Imp          |     7 |    14 |    13 |     1 |       |       ||    35
         Call Canine Famil |     3 |    15 |    31 |    52 |    83 |    29 ||   213
         Summon Lightning  |       |       |    24 |    72 |    91 |    24 ||   211
         Airstrike         |       |       |       |    13 |    11 |     8 ||    32
         Summon Cactus Gia |       |       |       |    32 |   118 |    34 ||   184
         Summon Forest     |       |       |       |       |    23 |    23 ||    46
         Borgnjor's Vile C |       |       |       |       |     5 |    36 ||    41
         Sublimation of Bl |       |       |       |       |       |     9 ||     9
         Haunt             |       |       |       |       |       |     1 ||     1
         Summon Hydra      |       |       |       |       |       |    12 ||    12
 Invoke: Channel Magic     |       |       |       |     3 |     7 |     5 ||    15
         Divine Exegesis   |       |       |       |       |       |     1 ||     1
  Evoke: Wand              |       |       |     1 |     9 |     5 |    13 ||    28
    Use: Scroll            |       |     5 |     5 |     6 |    10 |     6 ||    32
         Potion            |       |       |     1 |     1 |     2 |    13 ||    17
   Stab: Distracted        |     1 |     1 |       |     5 |    17 |     6 ||    30
         Sleeping          |       |       |     1 |     1 |     1 |       ||     3
 Armour: Robe              |     5 |     8 |    15 |    41 |    89 |    82 ||   240
         Skin              |       |       |       |       |     4 |       ||     4
  Dodge: Dodged            |    32 |    26 |   106 |   242 |   383 |   191 ||   980
  Block: Buckler           |       |       |       |    43 |   109 |    60 ||   212

Table legend: (Time is in decaauts)
 A = Elapsed time spent in this place.
 B = Non-inter-level travel time spent in this place.
 C = Inter-level travel time spent in this place.
 D = Time resting spent in this place.
 E = Time spent auto-exploring this place.
 F = Levels seen in this place.
 G = Mean time per level.
                   A        B        C        D        E       F      G
               +--------+--------+--------+--------+--------+-----+--------+
         Total |  37629 |  35534 |   2095 |   2838 |  25163 |  31 | 1213.8 |
       Dungeon |  22236 |  21037 |   1199 |   1189 |  16034 |  15 | 1482.4 |
        Temple |     20 |     20 |      0 |      0 |      0 |   1 |   20.0 |
          Lair |   8870 |   8594 |    276 |    524 |   6530 |   5 | 1774.0 |
     Snake Pit |   1687 |   1571 |    116 |    304 |   1026 |   2 |  843.5 |
  Orcish Mines |   2938 |   2435 |    503 |    331 |   1463 |   2 | 1469.0 |
         Abyss |    647 |    647 |      0 |      4 |    109 |   2 |  323.5 |
         Sewer |    249 |    249 |      0 |    116 |      0 |   1 |  249.0 |
        Bailey |    557 |    557 |      0 |    260 |      0 |   1 |  557.0 |
      Ice Cave |    160 |    160 |      0 |    110 |      0 |   1 |  160.0 |
       Volcano |    259 |    259 |      0 |      0 |      0 |   1 |  259.0 |
               +--------+--------+--------+--------+--------+-----+--------+

Top non-repeatable levels by time:
  Lair:5: 2622 daAuts
    D:12: 2311 daAuts
   Orc:2: 2256 daAuts
  Lair:2: 2066 daAuts
    D:11: 1990 daAuts
     D:5: 1833 daAuts
    D:10: 1803 daAuts
     D:8: 1790 daAuts
    D:15: 1790 daAuts
     D:6: 1727 daAuts
 Snake:1: 1659 daAuts
     D:9: 1503 daAuts
  Lair:4: 1430 daAuts
  Lair:1: 1397 daAuts
  Lair:3: 1354 daAuts
